cohdb
Replays
Latest Replays
All Replays
Popular Replays
Top Player Replays
Match Explorer
How It Works
Community
CoH3 Stats
Reddit
Sign in to upload your games and track your stats! →
Sign in with Steam
Match 45221318
Unlisted
Match 45221318
Overview
Messages
Build Orders
End
Construct Section Command Post
Selects Air and Sea Battlegroup
Dingo Light Scout Car
Infantry Section
Infantry Section
Infantry Section
Grenade Package
Selects Supply Surplus
Construct Field Infirmary
Construct Platoon Command Post
Humber Armored Car
6-pounder Anti-tank Gun Team
Infantry Training
Selects Commando Section Paradrop
Selects Commando Support Section Paradrop
Construct Resource Cache
Construct Company Command Post
Construct Resource Cache
Commando Section Paradrop
Unlock M3 Grant Medium Tanks
M3 Grant Medium Tank
M3 Grant Medium Tank
Selects Anti-tank Rocket Loiter
Selects UNKNOWN (223837)
Armored Vehicle Training
Royal Engineer Section
M3 Grant Medium Tank
TIE avenger
Mattfield27
MY:OATZ
JarJarWick
dkluan92
ModMapper
LUL
yourdad
0
0
Comments
sign in to comment!
No comments posted yet!